Map: King's Cove LE

Players

Serral - Winner!

  • Race: Zerg Zerg
  • League: Grandmaster
  • Spawn Location: 5:00

TYTY (TY)

  • Race: Terran Terran
  • League: Master
  • Spawn Location: 11:00

Event: HomeStory Cup XIX

VOD

Have the link to the VOD?

Description

Time

  • Played on: June 30, 2019, 1:11 p.m.
  • Length: 41:06

All games in this series

Show
View Real Time Build Order
Export as new Build Order

Serral Zerg - Winner!

Build Orders: Hatch First, Brood Lord Corruptor 

Get SALT Encoding   

  12  0:00  Drone  
  13  0:12  Overlord  
  13  0:17  Drone  
  14  0:30  Drone  
  14  0:31  Drone  
  16  0:50  Hatchery  
  16  0:53  Drone  
  16  0:57  Drone  
  16  1:01  Drone  
  18  1:10  Extractor  
  17  1:16  Spawning Pool  
  16  1:19  Drone  
  16  1:23  Drone  
  18  1:28  Drone  
  19  1:40  Drone  
  20  1:51  Overlord  
  20  2:02  Queen x2  
  20  2:03  Zergling x4  
  26  2:13  Drone x2  
  28  2:16  Metabolic Boost  
  28  2:22  Drone  
  29  2:24  Drone  
  30  2:38  Queen  
  32  2:48  Overlord  
  32  2:53  Drone x3  
  32  2:56  Zergling x2  
  35  3:00  Extractor  
  35  3:02  Drone  
  35  3:09  Zergling x4  
  35  3:12  Drone x2  
  39  3:17  Hatchery  
  39  3:18  Zergling x2  
  39  3:19  Drone  
  43  3:27  Queen, Overlord  
  43  3:32  Overlord  
  43  3:45  Drone x4  
  43  3:46  Drone x2  
  49  3:52  Zergling x2  
  49  3:53  Drone  
  49  3:54  Drone x2  
  53  4:00  Overlord  
  53  4:02  Baneling Nest  
  52  4:06  Queen  
  54  4:10  Zergling x2, Drone  
  54  4:16  Drone x2  
  58  4:23  Spore Crawler  
  57  4:25  Zergling x2  
  58  4:36  Spore Crawler  
  58  4:37  Drone x8  
  64  4:40  Drone x2  
  64  4:50  Drone x2  
  64  4:52  Queen  
  68  4:55  Lair  
  68  4:58  Extractor  
  68  4:59  Extractor  
  67  5:01  Drone  
  67  5:02  Spore Crawler  
  67  5:04  Spore Crawler  
  67  5:06  Zergling x4  
  68  5:09  Overlord  
  68  5:10  Drone  
  68  5:11  Drone  
  68  5:13  Drone  
  71  5:18  Overlord  
  71  5:21  Overlord  
  71  5:27  Drone x2  
  71  5:28  Drone, Overlord  
  74  5:37  Drone x6  
  79  5:43  Drone  
  79  5:47  Drone x2  
  82  5:52  Drone x2, Overseer  
  82  5:53  Centrifical Hooks, Extractor  
  82  5:56  Drone x2, Extractor  
  85  5:57  Drone  
  85  5:58  Extractor, Overlord  
  85  5:59  Evolution Chamber  
  85  6:00  Zergling x4, Evolution Chamber  
  83  6:06  Zergling x8  
  84  6:13  Drone x3  
  85  6:22  Drone x4  
  88  6:30  Zerg Melee Weapons Level 1  
  88  6:35  Zerg Ground Armor Level 1  
  88  6:38  Drone x2  
  90  6:43  Zergling x8  
  93  6:49  Overseer  
  93  6:52  Roach Warren  
  92  6:58  Overlord  
  92  7:02  Baneling  
  92  7:03  Baneling x6, Hatchery  
  91  7:09  Overlord  
  91  7:13  Overlord  
  91  7:18  Drone  
  91  7:20  Drone x6  
  91  7:22  Overlord x2  
  98  7:23  Overlord  
  98  7:26  Overlord  
  98  7:30  Overlord  
  98  7:34  Glial Reconstitution  
  97  7:48  Drone x2, Spire  
  97  7:49  Drone x8  
  97  7:50  Infestation Pit  
  105  7:51  Extractor  
  105  7:52  Drone, Extractor  
  105  7:53  Spore Crawler  
  105  7:54  Drone  
  105  7:55  Drone, Spore Crawler  
  104  8:00  Spore Crawler  
  104  8:03  Drone x2  
  104  8:04  Drone x2  
  104  8:05  Drone x2  
  106  8:13  Overseer  
  106  8:17  Drone x2  
  106  8:19  Drone x3  
  106  8:21  Queen  
  106  8:22  Spore Crawler  
  106  8:23  Drone x2  
  106  8:24  Drone  
  110  8:36  Pathogen Glands  
  110  8:37  Burrow  
  110  8:38  Pneumatized Carapace  
  110  8:39  Infestor  
  110  8:40  Infestor x3  
  118  8:47  Roach x4  
  126  8:50  Overlord  
  123  8:56  Hatchery  
  123  8:57  Drone x3  
  124  9:03  Queen  
  124  9:05  Hive  
  126  9:12  Roach  
  126  9:13  Roach x2  
  132  9:22  Corruptor x3  
  132  9:23  Overseer  
  138  9:27  Spore Crawler  
  138  9:28  Extractor x2  
  135  9:31  Overseer  
  135  9:33  Corruptor x3  
  141  9:40  Drone x3  
  141  9:41  Drone x3  
  147  9:45  Overlord  
  147  9:46  Overlord x2  
  147  9:48  Overlord  
  147  9:56  Overseer  
  147  9:59  Corruptor x2  
  151  10:07  Spire  
  151  10:08  Drone x2  
  151  10:09  Drone  
  151  10:11  Corruptor  
  151  10:12  Corruptor  
  157  10:21  Greater Spire  
  157  10:32  Hatchery  
  157  10:34  Neural Parasite  
  157  10:35  Drone, Queen  
  158  10:36  Drone x2  
  158  10:40  Hatchery  
  160  10:55  Corruptor x4  
  168  11:12  Zerg Missile Weapons Level 1, Zerg Melee Weapons Level 2  
  166  11:25  Infestor x2  
  170  11:27  Drone x2  
  170  11:28  Drone x10  
  170  11:29  Overlord x3  
  170  11:30  Zerg Flyer Armor Level 1  
  170  11:31  Spore Crawler  
  181  11:38  Zerg Flyer Weapons Level 1  
  181  11:39  Spore Crawler x2  
  179  11:41  Overlord, Spore Crawler  
  179  11:42  Drone x3, Spire, Spore Crawler  
  179  11:43  Hatchery  
  177  11:47  Zergling x6  
  190  11:54  Infestor x3  
  190  11:55  Infestor x4  
  194  12:03  Viper x2  
  200  12:12  Baneling x2  
  200  12:13  Baneling x2  
  197  12:51  Extractor  
  197  12:54  Spine Crawler  
  197  12:55  Spore Crawler  
  197  12:56  Spore Crawler x4  
  197  12:57  Spine Crawler  
  188  12:58  Extractor  
  188  12:59  Spore Crawler  
  188  13:02  Ravager x6  
  188  13:03  Ravager  
  193  13:35  Spore Crawler  
  193  13:37  Spore Crawler x2  
  193  13:38  Spore Crawler x3  
  185  13:41  Spore Crawler  
  185  13:45  Brood Lord x4  
  185  13:46  Brood Lord x2  
  196  13:58  Hatchery  
  195  14:08  Brood Lord  
  196  14:11  Zergling x4  
  196  14:16  Zerg Flyer Armor Level 2, Zerg Flyer Weapons Level 2  
  198  14:33  Spore Crawler  
  198  14:34  Spore Crawler  
  198  14:35  Spore Crawler  
  190  14:40  Infestor  
  190  14:46  Viper, Corruptor x3  
  198  15:09  Zergling x2  
  199  15:25  Spore Crawler  
  199  15:26  Spore Crawler  
  199  15:27  Spore Crawler  
  196  15:28  Spore Crawler  
  192  15:37  Corruptor x3  
  198  15:49  Extractor  
  197  15:54  Spore Crawler x2  
  197  15:55  Extractor, Spore Crawler x2  
  197  15:56  Extractor  
  191  16:01  Infestor x8  
  191  16:02  Infestor x4  
  177  16:05  Zergling x12  
  177  16:08  Viper x3  
  190  16:21  Zergling x4  
  190  16:22  Zergling x6  
  193  16:34  Baneling x4  
  192  16:55  Zergling x12, Roach  
  200  17:08  Zerg Missile Weapons Level 2, Zerg Melee Weapons Level 3  
  180  17:44  Infestor x5  
  180  17:45  Infestor  
  180  17:47  Viper  
  180  17:48  Corruptor x4  
  199  18:18  Brood Lord  
  194  18:22  Overlord x2, Swarm Host  
  194  18:24  Zergling x10  
  197  18:37  Zerg Flyer Weapons Level 3  
  197  18:38  Zerg Flyer Armor Level 3  
  197  18:41  Zergling x16, Roach x2  
  199  19:12  Drone  
  195  19:17  Zergling x6  
  195  19:18  Zergling x4  
  192  19:33  Zergling x16, Roach x2  
  200  19:49  Spore Crawler  
  200  19:50  Spore Crawler x2  
  190  20:01  Brood Lord  
  190  20:02  Viper x2  
  190  20:04  Zergling x4  
  190  20:06  Baneling x9  
  197  20:15  Zergling x8  
  187  20:28  Queen x2  
  187  20:30  Drone x3  
  187  20:32  Spore Crawler  
  187  20:33  Spore Crawler  
  187  20:35  Zergling x2, Roach x3  
  179  20:36  Zergling x22, Roach  
  179  20:40  Spore Crawler  
  179  20:41  Spore Crawler  
  179  20:42  Infestor x2, Spore Crawler  
  190  20:44  Spore Crawler x2  
  190  20:46  Spore Crawler  
  191  20:56  Infestor x2  
  195  20:58  Queen x2  
  196  21:05  Infestor  
  196  21:06  Infestor x9  
  196  21:07  Roach  
  198  21:24  Drone  
  197  21:38  Brood Lord  
  195  21:42  Corruptor x2  
  199  22:10  Hatchery  
  198  22:21  Corruptor  
  198  22:42  Zergling x20  
  196  22:49  Infestor x7  
  199  22:54  Zergling x2  
  199  22:55  Zergling x4  
  200  23:06  Hatchery  
  200  23:12  Extractor  
  198  23:15  Corruptor  
  191  23:59  Zergling x16  
  196  24:16  Infestor x2  
  189  24:24  Infestor x5  
  189  24:33  Viper, Corruptor x3  
  189  24:56  Corruptor x5  
  197  25:00  Spore Crawler  
  197  25:01  Extractor, Spore Crawler  
  194  25:11  Drone x2  
  194  25:13  Spore Crawler  
  192  25:15  Spore Crawler  
  191  25:22  Corruptor x3  
  194  26:03  Corruptor x3  
  196  26:26  Zergling x6  
  195  26:38  Brood Lord  
  193  26:49  Brood Lord  
  191  26:55  Corruptor x4  
  156  27:25  Infestor  
  156  27:26  Infestor x3  
  144  27:30  Corruptor x13  
  168  27:55  Infestor x3  
  168  27:57  Zergling x28  
  188  27:59  Queen x3  
  188  28:00  Hatchery, Queen  
  195  28:08  Zergling x10  
  200  28:18  Hatchery  
  198  28:51  Extractor x2  
  198  28:52  Spore Crawler  
  198  28:53  Zerg Missile Weapons Level 3  
  198  28:54  Spore Crawler x2  
  198  28:55  Spore Crawler  
  192  29:00  Viper x2  
  183  29:25  Infestor x2  
  182  29:34  Zergling x26  
  187  29:39  Viper x2  
  187  29:41  Zergling x14  
  200  29:58  Hatchery  
  199  30:03  Extractor  
  198  30:13  Extractor  
  194  30:17  Infestor x3  
  188  30:40  Spore Crawler  
  188  30:41  Spore Crawler x3  
  188  30:42  Viper x2  
  189  30:47  Spore Crawler  
  189  30:48  Drone x2  
  189  30:49  Drone x2, Spore Crawler x2  
  189  30:55  Zergling x2  
  189  30:56  Zergling x4  
  192  30:57  Zergling x14  
  199  31:07  Drone  
  199  31:08  Drone  
  199  31:09  Spore Crawler  
  199  31:11  Drone  
  199  31:14  Drone  
  199  31:25  Baneling x6  
  198  31:28  Spore Crawler  
  193  31:33  Roach x3  
  194  31:48  Roach x2  
  194  31:49  Roach  
  197  32:02  Roach  
  192  32:23  Drone x10  
  180  32:30  Drone x2  
  180  32:33  Roach x4  
  180  32:34  Roach x3  
  193  32:44  Drone x3  
  193  33:19  Drone x2  
  195  33:27  Corruptor x2  
  199  34:03  Spore Crawler x2  
  199  34:04  Spore Crawler  
  196  34:13  Hatchery  
  193  34:27  Hatchery, Spore Crawler  
  193  34:29  Spore Crawler  
  186  34:37  Overseer  
  186  34:38  Overseer x2  
  184  34:41  Spine Crawler x2  
  184  34:42  Spine Crawler  
  184  34:43  Overseer  
  184  34:44  Zergling x16  
  184  34:45  Zergling x14  
  192  34:57  Overlord  
  192  34:58  Overlord  
  183  35:23  Infestor x3, Roach x4  
  183  35:24  Infestor x2  
  192  36:28  Viper, Corruptor x2  
  195  36:40  Roach  
  195  36:41  Roach  
  197  36:47  Roach x2  
  197  36:50  Overseer  
  197  37:02  Zergling x6  
  197  37:03  Zerg Ground Armor Level 2  
  196  37:23  Roach x3  
  200  37:35  Extractor  
  200  37:36  Spore Crawler x2  
  194  37:43  Zergling x6, Roach  
  194  37:44  Zergling x8  
  200  37:56  Zergling x2  
  200  37:57  Zergling x8  
  195  38:07  Drone  
  195  38:08  Drone x2  
  195  38:09  Drone x2  
  193  38:38  Overlord  
  193  38:39  Overlord x2  
  193  38:43  Hatchery, Overlord x2  
  193  38:44  Extractor  
  185  38:57  Drone x4  
  185  39:02  Hatchery  
  184  39:03  Zergling x2  
  184  39:04  Zergling x18  
  189  39:24  Zergling x8, Roach x2  
  189  39:25  Zergling x6  
  200  39:55  Extractor x2  
  185  40:10  Infestor  
  185  40:12  Viper x3  
  196  40:16  Drone x4  
  200  40:29  Spore Crawler  
  200  40:30  Spore Crawler  
Show
View Real Time Build Order
Export as new Build Order

TYTY Terran 

Build Orders: Gas First Reaper Expand, Liberator Opening 

Get SALT Encoding   

  12  0:00  SCV  
  13  0:12  SCV  
  14  0:17  Supply Depot  
  14  0:25  SCV  
  15  0:29  Refinery  
  15  0:39  SCV  
  16  0:45  Barracks  
  16  0:51  SCV  
  17  1:03  SCV  
  18  1:15  SCV  
  19  1:32  Reaper  
  21  1:33  Orbital Command  
  20  1:47  Command Center  
  20  1:59  Factory  
  20  2:01  SCV  
  20  2:07  Barracks Reactor  
  21  2:12  Supply Depot  
  21  2:14  SCV  
  22  2:20  Refinery  
  22  2:26  SCV  
  23  2:38  SCV  
  24  2:47  Starport  
  24  2:49  Hellion  
  24  2:50  SCV  
  27  2:52  Hellion  
  29  3:01  Orbital Command  
  29  3:03  SCV  
  30  3:14  Widow Mine x2  
  30  3:16  SCV  
  35  3:23  Medivac  
  35  3:27  SCV  
  38  3:28  SCV  
  39  3:35  Widow Mine  
  39  3:37  Supply Depot  
  39  3:38  Widow Mine  
  43  3:42  Liberator, SCV  
  43  3:45  Marine  
  45  3:50  SCV  
  46  3:59  SCV  
  50  4:03  Hellion, Supply Depot  
  50  4:04  Barracks Tech Lab  
  50  4:05  SCV  
  53  4:11  SCV  
  53  4:16  Supply Depot  
  54  4:25  SCV x2  
  56  4:37  SCV x2  
  53  4:49  Viking, SCV x2  
  53  4:51  Marine x2  
  57  4:53  Siege Tank  
  57  4:54  Command Center  
  60  5:01  SCV x2  
  62  5:07  Supply Depot  
  62  5:08  Marine x2, Supply Depot  
  62  5:13  SCV  
  65  5:17  SCV  
  65  5:18  Refinery  
  65  5:19  Refinery  
  66  5:22  Starport Tech Lab  
  66  5:25  Siege Tank, SCV  
  66  5:28  Marine x2  
  70  5:29  SCV  
  70  5:30  Supply Depot  
  73  5:37  SCV  
  73  5:40  Banshee, Cloaking Field  
  73  5:41  SCV  
  78  5:46  Marine x2  
  81  5:50  SCV  
  81  5:56  Supply Depot  
  81  5:57  Supply Depot  
  81  5:58  Siege Tank  
  81  6:00  SCV  
  81  6:02  SCV  
  81  6:04  Marine x2  
  86  6:09  Orbital Command  
  86  6:20  SCV  
  86  6:21  Marine x2  
  86  6:23  Banshee  
  86  6:24  SCV  
  88  6:27  Orbital Command  
  88  6:32  Siege Tank, SCV  
  92  6:34  Supply Depot  
  92  6:36  SCV  
  95  6:43  Refinery  
  95  6:44  Refinery  
  93  6:47  SCV  
  93  6:48  SCV  
  93  6:53  Starport  
  93  6:54  Starport, SCV  
  95  7:00  SCV x2  
  98  7:02  Hyperflight Rotors  
  98  7:05  Command Center  
  98  7:06  SCV  
  99  7:11  Banshee  
  99  7:13  SCV x2  
  99  7:15  Supply Depot  
  104  7:18  SCV  
  104  7:21  Siege Tank  
  108  7:23  Command Center  
  108  7:25  SCV x2  
  110  7:30  Starport Reactor, SCV  
  110  7:31  Viking  
  110  7:32  Viking  
  115  7:38  SCV x2  
  115  7:42  SCV  
  114  7:50  Fusion Core  
  115  7:54  Siege Tank  
  120  8:00  SCV x2  
  120  8:01  SCV  
  120  8:03  Supply Depot  
  120  8:04  Engineering Bay  
  123  8:05  Viking  
  123  8:09  Viking  
  123  8:10  Command Center  
  129  8:19  SCV  
  133  8:20  SCV  
  133  8:24  Liberator x3  
  133  8:28  Refinery  
  133  8:30  SCV  
  133  8:32  SCV x2  
  133  8:33  Refinery  
  136  8:35  Liberator  
  136  8:40  Banshee  
  132  8:42  SCV  
  132  8:44  SCV x2  
  132  8:45  Orbital Command  
  143  8:50  Orbital Command  
  143  8:55  SCV  
  147  8:56  SCV  
  147  8:57  Siege Tank  
  147  8:59  Missile Turret x2  
  147  9:00  SCV  
  151  9:05  Armory  
  151  9:06  Orbital Command, Armory  
  151  9:07  SCV  
  151  9:08  SCV  
  153  9:12  SCV  
  153  9:14  SCV  
  153  9:15  Liberator x2  
  155  9:19  SCV, Sensor Tower  
  155  9:20  SCV  
  155  9:21  Supply Depot  
  155  9:22  Supply Depot  
  160  9:24  SCV  
  160  9:29  SCV  
  162  9:31  SCV  
  162  9:32  SCV  
  162  9:36  SCV x2  
  172  9:41  SCV  
  172  9:42  Siege Tank  
  172  9:43  SCV  
  172  9:45  Advanced Ballistics  
  177  9:48  Refinery, Command Center  
  177  9:51  Viking, Refinery  
  177  9:52  Viking  
  181  10:00  SCV x3, Command Center  
  181  10:01  Sensor Tower, Terran Ship Weapons Level 1  
  181  10:02  Terran Vehicle And Ship Armor Level 1  
  181  10:03  SCV x2  
  183  10:12  SCV x2  
  183  10:13  Starport  
  183  10:14  Starport  
  185  10:18  SCV x3  
  185  10:20  Viking  
  194  10:30  Supply Depot  
  194  10:39  Missile Turret  
  194  10:40  Missile Turret  
  194  10:46  Siege Tank  
  194  10:47  Weapon Refit  
  194  10:48  Command Center  
  193  10:50  Command Center  
  193  10:51  Supply Depot  
  193  10:53  Supply Depot  
  193  10:56  Starport Tech Lab x2  
  199  10:57  Command Center  
  199  11:04  Missile Turret x2  
  196  11:12  Battlecruiser  
  196  11:17  Battlecruiser  
  196  11:18  Battlecruiser  
  196  11:21  Planetary Fortress  
  196  11:25  Planetary Fortress  
  192  11:35  Command Center  
  192  11:36  Refinery, Hi-Sec Auto Tracking  
  192  11:37  Command Center  
  192  11:40  Missile Turret  
  192  11:41  Command Center, Missile Turret  
  191  11:48  Smart Servos  
  191  11:52  Factory  
  191  12:01  Missile Turret  
  191  12:06  Orbital Command  
  190  12:10  Command Center  
  190  12:16  Battlecruiser  
  190  12:20  Orbital Command  
  196  12:23  Terran Ship Weapons Level 2, Terran Vehicle And Ship Armor Level 2  
  196  12:25  Missile Turret  
  196  12:26  Missile Turret  
  196  12:27  Missile Turret  
  196  12:28  Missile Turret x2  
  196  12:35  Battlecruiser  
  196  12:36  Missile Turret  
  196  12:37  Factory Tech Lab  
  196  12:39  Raven, Planetary Fortress  
  196  12:41  Starport  
  196  12:43  Starport  
  195  12:58  Orbital Command  
  195  13:03  Refinery  
  195  13:04  Refinery  
  195  13:11  Orbital Command  
  195  13:16  Sensor Tower  
  195  13:23  Starport Tech Lab  
  195  13:24  Starport Tech Lab  
  195  13:31  Missile Turret  
  195  13:35  Armory  
  192  14:05  Battlecruiser  
  187  14:14  Missile Turret  
  187  14:16  Battlecruiser  
  199  14:18  Missile Turret  
  199  14:20  Missile Turret  
  199  14:21  Raven  
  199  14:22  Missile Turret  
  195  14:25  Viking x2  
  195  14:28  Starport  
  195  14:29  Starport x2  
  199  14:33  Viking  
  199  14:36  Viking  
  199  14:37  Viking  
  199  14:38  Viking  
  196  14:45  Missile Turret, Terran Ship Weapons Level 3, Terran Vehicle And Ship Armor Level 3  
  194  14:52  Missile Turret  
  194  14:55  Viking x2  
  198  15:00  Command Center  
  198  15:03  Viking  
  200  15:12  Starport Reactor x3  
  200  15:18  Refinery  
  200  15:22  Refinery  
  200  15:29  Viking x2, Missile Turret  
  200  15:30  Missile Turret  
  195  15:37  Viking x2  
  199  15:43  Missile Turret  
  199  15:45  Missile Turret  
  199  15:47  Command Center  
  199  15:50  Planetary Fortress  
  197  15:59  Viking  
  197  16:00  Viking  
  197  16:03  Viking x2  
  200  16:06  Viking  
  200  16:24  Planetary Fortress  
  198  16:32  Starport  
  198  16:33  Starport  
  198  16:38  Siege Tank  
  196  16:45  SCV x6  
  192  16:55  Viking x3  
  192  16:56  Viking  
  200  17:05  Viking  
  197  17:08  Viking  
  199  17:22  Terran Vehicle Weapons Level 1  
  197  17:24  Viking x2  
  197  17:26  Viking x2  
  199  17:30  Missile Turret  
  199  17:31  Missile Turret  
  199  17:39  Viking  
  199  17:41  Missile Turret x2  
  189  17:47  Battlecruiser x2  
  195  17:51  Viking x2, Battlecruiser  
  195  17:54  Viking  
  199  18:04  Planetary Fortress  
  197  18:06  Refinery  
  197  18:10  Refinery  
  197  18:16  Viking x3  
  197  18:18  Siege Tank  
  199  18:38  Battlecruiser  
  197  18:47  Command Center  
  197  18:50  Viking, Command Center  
  197  18:51  Command Center  
  197  18:54  Viking x2, Command Center  
  194  18:57  Viking x2  
  194  18:58  Neosteel Armor  
  194  19:00  Viking x2  
  200  19:16  Missile Turret  
  198  19:18  Viking x2, Missile Turret x2  
  198  19:19  Missile Turret  
  198  19:20  Viking  
  198  19:29  Terran Vehicle Weapons Level 2  
  196  19:31  Viking x2  
  196  19:37  Viking  
  195  19:47  Viking  
  195  19:48  Viking x2  
  195  19:49  Viking  
  195  19:52  Viking  
  199  19:59  SCV  
  200  20:04  Planetary Fortress  
  200  20:15  Missile Turret  
  200  20:17  Siege Tank x2, Orbital Command, Viking  
  200  20:18  Viking  
  200  20:21  Viking, Missile Turret  
  200  20:22  Missile Turret  
  200  20:23  Missile Turret x2  
  200  20:24  Missile Turret  
  198  20:29  Refinery  
  198  20:30  Viking x2  
  198  20:31  Viking x2  
  198  20:32  Viking  
  200  20:42  Orbital Command x3  
  198  21:05  Siege Tank  
  199  21:27  Missile Turret x2  
  199  21:32  Refinery, Missile Turret, Battlecruiser  
  197  21:33  Missile Turret  
  197  21:37  Siege Tank x2  
  200  21:51  Command Center  
  198  21:54  Terran Vehicle Weapons Level 3  
  198  21:56  Viking  
  194  22:25  Missile Turret x2  
  194  22:26  Command Center  
  194  22:27  Missile Turret  
  194  22:29  Missile Turret  
  194  22:35  Siege Tank x2  
  200  22:40  Viking x2  
  200  22:41  Viking x2  
  200  22:42  Viking  
  195  22:44  Viking x2  
  195  22:46  Viking x2  
  195  22:47  Viking  
  200  22:56  Viking  
  198  23:14  SCV x2  
  198  23:24  Raven  
  199  23:27  Missile Turret  
  199  23:28  Missile Turret  
  199  23:29  Missile Turret  
  198  23:34  Command Center  
  196  23:52  Raven  
  196  23:58  Missile Turret  
  196  23:59  Missile Turret  
  187  24:16  Battlecruiser x2  
  183  24:19  Battlecruiser x2  
  194  24:27  Viking  
  194  24:28  Viking x2  
  200  24:33  Viking x2  
  200  24:35  Battlecruiser  
  200  24:36  Liberator x3, Infernal Pre-Igniter  
  198  24:44  Viking  
  198  24:45  Factory Reactor, Liberator x2, Missile Turret  
  200  24:47  Missile Turret  
  200  24:48  Missile Turret  
  191  24:53  Liberator  
  191  24:58  Liberator  
  188  25:00  Siege Tank  
  196  25:32  Siege Tank  
  196  25:35  SCV  
  200  25:42  Siege Tank  
  196  25:44  Missile Turret x3  
  196  25:45  Missile Turret  
  196  25:46  Missile Turret  
  196  25:49  Missile Turret  
  193  26:00  Sensor Tower  
  192  26:04  Siege Tank  
  192  26:05  Missile Turret  
  191  26:30  Siege Tank  
  192  26:36  Siege Tank  
  188  26:49  Missile Turret x2  
  188  26:51  Barracks  
  188  27:01  Missile Turret  
  187  27:03  Liberator x2  
  187  27:07  Liberator x2  
  173  27:10  Viking x2  
  173  27:11  Liberator x2  
  173  27:13  Siege Tank x2  
  173  27:17  Viking  
  173  27:18  Viking  
  145  27:22  Liberator  
  145  27:23  Viking x3, Liberator  
  145  27:24  Viking x2  
  139  27:30  Liberator x2  
  139  27:37  Liberator x2  
  120  27:45  Siege Tank x2  
  136  27:59  SCV  
  136  28:03  Viking x2  
  136  28:04  Viking x2  
  136  28:05  Viking, Missile Turret x2  
  147  28:08  Viking x2  
  147  28:09  Viking x2  
  155  28:17  Siege Tank  
  158  28:20  Viking x2  
  155  28:28  Missile Turret  
  155  28:29  Siege Tank  
  157  28:49  Siege Tank  
  164  28:57  Battlecruiser x2  
  164  28:59  Raven x2  
  164  29:00  Command Center  
  170  29:35  Orbital Command  
  170  29:38  Battlecruiser  
  173  29:42  Battlecruiser  
  173  29:43  Raven, Hellion  
  183  29:55  Raven  
  185  30:01  Raven x2, Hellion x2  
  185  30:04  Hellion  
  183  30:22  Hellion  
  183  30:23  Hellion  
  183  30:26  Hellion  
  182  30:44  Hellion x2  
  182  30:47  Hellion  
  188  31:02  Liberator  
  188  31:03  Liberator  
  188  31:05  Hellion x2  
  188  31:11  Hellion  
  198  31:42  Hellion  
  196  31:48  Hellion x2  
  190  32:02  Command Center  
  188  32:12  Hellion x2  
  173  32:47  Hellbat  
  173  32:49  Hellion x2  
  172  32:55  Hellion x2  
  171  33:18  Starport Tech Lab  
  171  33:19  Banshee x3  
  170  33:24  Orbital Command  
  168  33:32  Orbital Command  
  168  33:34  Missile Turret  
  168  33:35  Siege Tank  
  168  33:39  SCV  
  162  33:49  Sensor Tower  
  162  34:01  Planetary Fortress  
  162  34:08  Hellion  
  164  34:11  Missile Turret  
  164  34:12  Missile Turret  
  164  34:22  Missile Turret  
  155  34:28  Factory Tech Lab  
  155  34:29  Siege Tank  
  156  34:37  Missile Turret  
  156  34:53  Orbital Command  
  156  34:54  Refinery x2  
  156  35:01  Siege Tank  
  158  35:15  Missile Turret  
  158  35:33  Hellion  
  160  35:36  Hellion x2  
  164  35:55  Hellion  
  162  36:06  Hellion x2  
  164  36:12  Hellion x2  
  164  36:19  Liberator x2  
  146  36:26  Hellion  
  146  36:31  Viking x6  
  148  36:32  Viking x2  
  138  37:11  Siege Tank  
  132  37:37  Planetary Fortress  
  128  37:47  Siege Tank  
  128  37:48  Siege Tank  
  125  38:19  Siege Tank  
  124  38:20  Siege Tank  
  92  38:38  Viking x8  
  92  38:39  Viking  
  104  38:50  SCV x4  
  108  39:23  Orbital Command  
Tags
 
Add a new tag
Caveats
  • Supply blocks, unpowered buildings, or Contaminate may cause inaccurate times.
  • Supply counts are checked every 10 seconds.